Workbook
Name ChronologieNative_Date_Livraison: #N/A
Name ChronologieNative_Date_Livraison1: #N/A
Name Facture: Factures!$A$1:$N$14
Name Factures: Factures!$A$1:$N$14
Name JoursFeries: JourFériés!$A:$A
Name NumDept: Transport!$C:$C
Name PlageDyn: OFFSET('Ventes (copie)'!$A$1,4,0,COUNTA('Ventes (copie)'!$D:$D),COUNTA('Ventes (copie)'!$5:$5))
Name Segment_Description: #N/A
Name Segment_Description1: #N/A
Name Transporteur: Transport!$A:$A
Name TVA: Ventes!$B$1
Name TVAcopie: 'Ventes (copie)'!$B$1
Name Ventes: Ventes!$A$5:$I$31
Name ZoneRechFactures: Recherches!$A$11:$N$12
Name ZoneRechVentes: Recherches!$A$2:$I$3

Sheet catalogue
A1: Code produit | B1: Description | C1: Prix Unit
A2: P1176 | B2: Ensemble dessous verre | C2: 12.16
A3: P3026 | B3: Porte tablette | C3: 22.68
A4: P3081 | B4: Vase | C4: 34.28
A5: P3108 | B5: Table 4 place | C5: 95.51
A6: P5026 | B6: Chaise haute | C6: 73.29
A7: P5665 | B7: Taboret | C7: 54.46
A8: P5875 | B8: Table basse | C8: 87.39
A9: P5943 | B9: Chaise jardin | C9: 88.76
A10: P6953 | B10: Ensemble jardin | C10: 282.73
A11: P7910 | B11: Ensemble table + banc | C11: 398.32
A12: P8428 | B12: Table 4/6 places | C12: 172.8
A13: P9167 | B13: Table haute / bar | C13: 370.57
... A16: P5900 | B16: Chaise jardin en bois | C16: 90.57

Sheet Ventes
A1: TVA | B1: 0.199
A5: N° Facture | B5: Date | C5: Produit | D5: Description | E5: Prix Unit | F5: Quantité | G5: Prix HT | H5: Prix TTC | I5: Prix Prod | J5: Date Livraison | K5: Nom | L5: Code postal | M5: ville | N5: Department | O5: Transp | R5: formules morceaux par morceau
A6: FA-2008-0001 | B6: =VLOOKUP($A6,Factures!$A:$C,2,FALSE) -> 45475 | C6: P9287 | D6: Table | E6: 160 | F6: 1 | G6: =IF(I6<E6,I6,E6) * F6 -> 160 | H6: =G6*(1+TVA) -> 191.84 | I6: =VLOOKUP($C6,'catalogue'!$A:$C,3,FALSE) -> 163.8 | J6: =VLOOKUP(A6,Facture,3,FALSE) -> 45496 | K6: =_xlfn.XLOOKUP($A6,Factures!$A:$A,Factures!E:E,"",0) -> NAUDEAU | L6: =_xlfn.XLOOKUP($A6,Factures!$A:$A,Factures!F:F,"",0) -> 89300 | M6: =_xlfn.XLOOKUP($A6,Factures!$A:$A,Factures!G:G,"",0) -> St Aubin sur Yonne | N6: =_xlfn.XLOOKUP($A6,Factures!$A:$A,Factures!M:M,"",0) -> 89 | O6: =_xlfn.XLOOKUP($A6,Factures!$A:$A,Factures!N:N,"",0) -> Toto Transport | R6: =VLOOKUP($C6,'catalogue'!$A:$C,3,FALSE) -> 163.8 | S6: =VLOOKUP(C6,'catalogue'!$A:$C,3,FALSE)<E6 -> FALSE
A7: FA-2008-0002 | B7: =VLOOKUP($A7,Factures!$A:$C,2,FALSE) -> 45481 | C7: P6953 | D7: Ensemble jardin | E7: 280 | F7: 1 | G7: =IF(I7<E7,I7,E7) * F7 -> 280 | H7: =G7*(1+TVA) -> 335.72 | I7: =VLOOKUP($C7,'catalogue'!$A:$C,3,FALSE) -> 282.73 | J7: =VLOOKUP(A7,Facture,3,FALSE) -> 45502 | K7: =_xlfn.XLOOKUP($A7,Factures!$A:$A,Factures!E:E,"",0) -> MARITTO | L7: =_xlfn.XLOOKUP($A7,Factures!$A:$A,Factures!F:F,"",0) -> 53400 | M7: =_xlfn.XLOOKUP($A7,Factures!$A:$A,Factures!G:G,"",0) -> St Quentin les Anges | N7: =_xlfn.XLOOKUP($A7,Factures!$A:$A,Factures!M:M,"",0) -> 53 | O7: =_xlfn.XLOOKUP($A7,Factures!$A:$A,Factures!N:N,"",0) -> Colissimo | R7: =VLOOKUP($C7,'catalogue'!$A:$C,3,FALSE) -> 282.73 | S7: =VLOOKUP(C7,'catalogue'!$A:$C,3,FALSE)<E7 -> FALSE
A8: FA-2008-0002 | B8: =VLOOKUP($A8,Factures!$A:$C,2,FALSE) -> 45481 | C8: P3026 | D8: Porte tablette | E8: 22 | F8: 3 | G8: =IF(I8<E8,I8,E8) * F8 -> 66 | H8: =G8*(1+TVA) -> 79.134 | I8: =VLOOKUP($C8,'catalogue'!$A:$C,3,FALSE) -> 22.68 | J8: =VLOOKUP(A8,Facture,3,FALSE) -> 45502 | K8: =_xlfn.XLOOKUP($A8,Factures!$A:$A,Factures!E:E,"",0) -> MARITTO | L8: =_xlfn.XLOOKUP($A8,Factures!$A:$A,Factures!F:F,"",0) -> 53400 | M8: =_xlfn.XLOOKUP($A8,Factures!$A:$A,Factures!G:G,"",0) -> St Quentin les Anges | N8: =_xlfn.XLOOKUP($A8,Factures!$A:$A,Factures!M:M,"",0) -> 53 | O8: =_xlfn.XLOOKUP($A8,Factures!$A:$A,Factures!N:N,"",0) -> Colissimo | R8: =VLOOKUP($C8,'catalogue'!$A:$C,3,FALSE) -> 22.68 | S8: =VLOOKUP(C8,'catalogue'!$A:$C,3,FALSE)<E8 -> FALSE
A9: FA-2008-0003 | B9: =VLOOKUP($A9,Factures!$A:$C,2,FALSE) -> 45464 | C9: P5875 | D9: Table | E9: 88 | F9: 2 | G9: =IF(I9<E9,I9,E9) * F9 -> 174.78 | H9: =G9*(1+TVA) -> 209.56122 | I9: =VLOOKUP($C9,'catalogue'!$A:$C,3,FALSE) -> 87.39 | J9: =VLOOKUP(A9,Facture,3,FALSE) -> 45485 | K9: =_xlfn.XLOOKUP($A9,Factures!$A:$A,Factures!E:E,"",0) -> BASCHET | L9: =_xlfn.XLOOKUP($A9,Factures!$A:$A,Factures!F:F,"",0) -> 92500 | M9: =_xlfn.XLOOKUP($A9,Factures!$A:$A,Factures!G:G,"",0) -> Rueil Malmaison | N9: =_xlfn.XLOOKUP($A9,Factures!$A:$A,Factures!M:M,"",0) -> 92 | O9: =_xlfn.XLOOKUP($A9,Factures!$A:$A,Factures!N:N,"",0) -> Toto Transport | R9: =VLOOKUP($C9,'catalogue'!$A:$C,3,FALSE) -> 87.39 | S9: =VLOOKUP(C9,'catalogue'!$A:$C,3,FALSE)<E9 -> TRUE
A10: FA-2008-0004 | B10: =VLOOKUP($A10,Factures!$A:$C,2,FALSE) -> 45526 | C10: P1176 | D10: Dessous verre | E10: 12 | F10: 2 | G10: =IF(I10<E10,I10,E10) * F10 -> 24 | H10: =G10*(1+TVA) -> 28.776 | I10: =VLOOKUP($C10,'catalogue'!$A:$C,3,FALSE) -> 12.16 | J10: =VLOOKUP(A10,Facture,3,FALSE) -> 45547 | K10: =_xlfn.XLOOKUP($A10,Factures!$A:$A,Factures!E:E,"",0) -> GRASSET | L10: =_xlfn.XLOOKUP($A10,Factures!$A:$A,Factures!F:F,"",0) -> 23400 | M10: =_xlfn.XLOOKUP($A10,Factures!$A:$A,Factures!G:G,"",0) -> Auriat | N10: =_xlfn.XLOOKUP($A10,Factures!$A:$A,Factures!M:M,"",0) -> 23 | O10: =_xlfn.XLOOKUP($A10,Factures!$A:$A,Factures!N:N,"",0) -> Colissimo | R10: =VLOOKUP($C10,'catalogue'!$A:$C,3,FALSE) -> 12.16 | S10: =VLOOKUP(C10,'catalogue'!$A:$C,3,FALSE)<E10 -> FALSE
A11: FA-2008-0004 | B11: =VLOOKUP($A11,Factures!$A:$C,2,FALSE) -> 45526 | C11: P7910 | D11: Ensemble table | E11: 300 | F11: 1 | G11: =IF(I11<E11,I11,E11) * F11 -> 300 | H11: =G11*(1+TVA) -> 359.7 | I11: =VLOOKUP($C11,'catalogue'!$A:$C,3,FALSE) -> 398.32 | J11: =VLOOKUP(A11,Facture,3,FALSE) -> 45547 | K11: =_xlfn.XLOOKUP($A11,Factures!$A:$A,Factures!E:E,"",0) -> GRASSET | L11: =_xlfn.XLOOKUP($A11,Factures!$A:$A,Factures!F:F,"",0) -> 23400 | M11: =_xlfn.XLOOKUP($A11,Factures!$A:$A,Factures!G:G,"",0) -> Auriat | N11: =_xlfn.XLOOKUP($A11,Factures!$A:$A,Factures!M:M,"",0) -> 23 | O11: =_xlfn.XLOOKUP($A11,Factures!$A:$A,Factures!N:N,"",0) -> Colissimo | R11: =VLOOKUP($C11,'catalogue'!$A:$C,3,FALSE) -> 398.32 | S11: =VLOOKUP(C11,'catalogue'!$A:$C,3,FALSE)<E11 -> FALSE
A12: FA-2008-0004 | B12: =VLOOKUP($A12,Factures!$A:$C,2,FALSE) -> 45526 | C12: P3081 | D12: Vase | E12: 35 | F12: 1 | G12: =IF(I12<E12,I12,E12) * F12 -> 34.28 | H12: =G12*(1+TVA) -> 41.10172 | I12: =VLOOKUP($C12,'catalogue'!$A:$C,3,FALSE) -> 34.28 | J12: =VLOOKUP(A12,Facture,3,FALSE) -> 45547 | K12: =_xlfn.XLOOKUP($A12,Factures!$A:$A,Factures!E:E,"",0) -> GRASSET | L12: =_xlfn.XLOOKUP($A12,Factures!$A:$A,Factures!F:F,"",0) -> 23400 | M12: =_xlfn.XLOOKUP($A12,Factures!$A:$A,Factures!G:G,"",0) -> Auriat | N12: =_xlfn.XLOOKUP($A12,Factures!$A:$A,Factures!M:M,"",0) -> 23 | O12: =_xlfn.XLOOKUP($A12,Factures!$A:$A,Factures!N:N,"",0) -> Colissimo | R12: =VLOOKUP($C12,'catalogue'!$A:$C,3,FALSE) -> 34.28 | S12: =VLOOKUP(C12,'catalogue'!$A:$C,3,FALSE)<E12 -> TRUE
A13: FA-2008-0004 | B13: =VLOOKUP($A13,Factures!$A:$C,2,FALSE) -> 45526 | C13: P5875 | D13: Table basse | E13: 88 | F13: 2 | G13: =IF(I13<E13,I13,E13) * F13 -> 174.78 | H13: =G13*(1+TVA) -> 209.56122 | I13: =VLOOKUP($C13,'catalogue'!$A:$C,3,FALSE) -> 87.39 | J13: =VLOOKUP(A13,Facture,3,FALSE) -> 45547 | K13: =_xlfn.XLOOKUP($A13,Factures!$A:$A,Factures!E:E,"",0) -> GRASSET | L13: =_xlfn.XLOOKUP($A13,Factures!$A:$A,Factures!F:F,"",0) -> 23400 | M13: =_xlfn.XLOOKUP($A13,Factures!$A:$A,Factures!G:G,"",0) -> Auriat | N13: =_xlfn.XLOOKUP($A13,Factures!$A:$A,Factures!M:M,"",0) -> 23 | O13: =_xlfn.XLOOKUP($A13,Factures!$A:$A,Factures!N:N,"",0) -> Colissimo | R13: =VLOOKUP($C13,'catalogue'!$A:$C,3,FALSE) -> 87.39 | S13: =VLOOKUP(C13,'catalogue'!$A:$C,3,FALSE)<E13 -> TRUE
A14: FA-2008-0005 | B14: =VLOOKUP($A14,Factures!$A:$C,2,FALSE) -> 45465 | C14: P3026 | D14: Porte tablette | E14: 23 | F14: 10 | G14: =IF(I14<E14,I14,E14) * F14 -> 226.8 | H14: =G14*(1+TVA) -> 271.9332 | I14: =VLOOKUP($C14,'catalogue'!$A:$C,3,FALSE) -> 22.68 | J14: =VLOOKUP(A14,Facture,3,FALSE) -> 45485 | K14: =_xlfn.XLOOKUP($A14,Factures!$A:$A,Factures!E:E,"",0) -> MINELLI | L14: =_xlfn.XLOOKUP($A14,Factures!$A:$A,Factures!F:F,"",0) -> 59700 | M14: =_xlfn.XLOOKUP($A14,Factures!$A:$A,Factures!G:G,"",0) -> Marq-en-Bareouil | N14: =_xlfn.XLOOKUP($A14,Factures!$A:$A,Factures!M:M,"",0) -> 59 | O14: =_xlfn.XLOOKUP($A14,Factures!$A:$A,Factures!N:N,"",0) -> Toto Transport | R14: =VLOOKUP($C14,'catalogue'!$A:$C,3,FALSE) -> 22.68 | S14: =VLOOKUP(C14,'catalogue'!$A:$C,3,FALSE)<E14 -> TRUE
A15: FA-2008-0006 | B15: =VLOOKUP($A15,Factures!$A:$C,2,FALSE) -> 45515 | C15: P5665 | D15: Tabouret | E15: 54.5 | F15: 6 | G15: =IF(I15<E15,I15,E15) * F15 -> 326.76 | H15: =G15*(1+TVA) -> 391.78524 | I15: =VLOOKUP($C15,'catalogue'!$A:$C,3,FALSE) -> 54.46 | J15: =VLOOKUP(A15,Facture,3,FALSE) -> 45537 | K15: =_xlfn.XLOOKUP($A15,Factures!$A:$A,Factures!E:E,"",0) -> GALOTTI | L15: =_xlfn.XLOOKUP($A15,Factures!$A:$A,Factures!F:F,"",0) -> 64410 | M15: =_xlfn.XLOOKUP($A15,Factures!$A:$A,Factures!G:G,"",0) -> Arget | N15: =_xlfn.XLOOKUP($A15,Factures!$A:$A,Factures!M:M,"",0) -> 64 | O15: =_xlfn.XLOOKUP($A15,Factures!$A:$A,Factures!N:N,"",0) -> Colissimo | R15: =VLOOKUP($C15,'catalogue'!$A:$C,3,FALSE) -> 54.46 | S15: =VLOOKUP(C15,'catalogue'!$A:$C,3,FALSE)<E15 -> TRUE
A16: FA-2008-0007 | B16: =VLOOKUP($A16,Factures!$A:$C,2,FALSE) -> 45498 | C16: P3026 | D16: Porte tablette | E16: 23 | F16: 4 | G16: =IF(I16<E16,I16,E16) * F16 -> 90.72 | H16: =G16*(1+TVA) -> 108.77328 | I16: =VLOOKUP($C16,'catalogue'!$A:$C,3,FALSE) -> 22.68 | J16: =VLOOKUP(A16,Facture,3,FALSE) -> 45520 | K16: =_xlfn.XLOOKUP($A16,Factures!$A:$A,Factures!E:E,"",0) -> DANO | L16: =_xlfn.XLOOKUP($A16,Factures!$A:$A,Factures!F:F,"",0) -> 55400 | M16: =_xlfn.XLOOKUP($A16,Factures!$A:$A,Factures!G:G,"",0) -> Braquis | N16: =_xlfn.XLOOKUP($A16,Factures!$A:$A,Factures!M:M,"",0) -> 55 | O16: =_xlfn.XLOOKUP($A16,Factures!$A:$A,Factures!N:N,"",0) -> Camion propre | R16: =VLOOKUP($C16,'catalogue'!$A:$C,3,FALSE) -> 22.68 | S16: =VLOOKUP(C16,'catalogue'!$A:$C,3,FALSE)<E16 -> TRUE
A17: FA-2008-0007 | B17: =VLOOKUP($A17,Factures!$A:$C,2,FALSE) -> 45498 | C17: P5026 | D17: Chaise haute | E17: 74 | F17: 4 | G17: =IF(I17<E17,I17,E17) * F17 -> 293.16 | H17: =G17*(1+TVA) -> 351.49884 | I17: =VLOOKUP($C17,'catalogue'!$A:$C,3,FALSE) -> 73.29 | J17: =VLOOKUP(A17,Facture,3,FALSE) -> 45520 | K17: =_xlfn.XLOOKUP($A17,Factures!$A:$A,Factures!E:E,"",0) -> DANO | L17: =_xlfn.XLOOKUP($A17,Factures!$A:$A,Factures!F:F,"",0) -> 55400 | M17: =_xlfn.XLOOKUP($A17,Factures!$A:$A,Factures!G:G,"",0) -> Braquis | N17: =_xlfn.XLOOKUP($A17,Factures!$A:$A,Factures!M:M,"",0) -> 55 | O17: =_xlfn.XLOOKUP($A17,Factures!$A:$A,Factures!N:N,"",0) -> Camion propre | R17: =VLOOKUP($C17,'catalogue'!$A:$C,3,FALSE) -> 73.29 | S17: =VLOOKUP(C17,'catalogue'!$A:$C,3,FALSE)<E17 -> TRUE
... A31: FA-2008-0012 | B31: =VLOOKUP($A31,Factures!$A:$C,2,FALSE) -> 45536 | C31: P3026 | D31: Porte tablette | E31: 25 | F31: 2 | G31: =IF(I31<E31,I31,E31) * F31 -> 45.36 | H31: =G31*(1+TVA) -> 54.38664 | I31: =VLOOKUP($C31,'catalogue'!$A:$C,3,FALSE) -> 22.68 | J31: =VLOOKUP(A31,Facture,3,FALSE) -> 45555 | K31: =_xlfn.XLOOKUP($A31,Factures!$A:$A,Factures!E:E,"",0) -> DE LAON | L31: =_xlfn.XLOOKUP($A31,Factures!$A:$A,Factures!F:F,"",0) -> 51100 | M31: =_xlfn.XLOOKUP($A31,Factures!$A:$A,Factures!G:G,"",0) -> Reims | N31: =_xlfn.XLOOKUP($A31,Factures!$A:$A,Factures!M:M,"",0) -> 51 | O31: =_xlfn.XLOOKUP($A31,Factures!$A:$A,Factures!N:N,"",0) -> Camion propre | R31: =VLOOKUP($C31,'catalogue'!$A:$C,3,FALSE) -> 22.68 | S31: =VLOOKUP(C31,'catalogue'!$A:$C,3,FALSE)<E31 -> TRUE

Sheet Factures
A1: N° Facture | B1: Date | C1: Date Livraison | D1: Client | E1: Nom | F1: Code postal | G1: ville | H1: adresse | I1: téléphone | J1: Prix TTC | K1: Surcoût | L1: Prix Total | M1: Department | N1: Transp | P1: Surcoût (format) | Q1: Prix Total | S1: formules morceau par morceau (on peut effacer) | W1: alternative prix total | Y1: alternative avec format # ###,00 €;[Rouge]# ###,00 €;
A2: FA-2008-0001 | B2: 45475 | C2: =WORKDAY(B2,15,JoursFeries) -> 45496 | D2: Cyril NAUDEAU | E2: =RIGHT(D2,LEN(D2)-SEARCH(" ",D2)) -> NAUDEAU | F2: 89300 | G2: St Aubin sur Yonne | H2: 22 rondpoint de la Défense | I2: 07 55 74 60 43 | J2: =SUMIF(Ventes!A:A,Factures!A2,Ventes!H:H) -> 191.84 | K2: =IF(OR(COUNTIF(Ventes!A:A,Factures!A2) >= 4,SUMIF(Ventes!A:A,Factures!A2,Ventes!F:F) >=10), J2*0.05,"") | L2: =IF(K2<>"",J2+K2,J2) -> 191.84 | M2: =VALUE(LEFT(F2,2)) -> 89 | N2: =_xlfn.XLOOKUP(M2,NumDept,Transporteur,"A DEFINIR",0) -> Toto Transport | P2: =IF(OR(COUNTIF(Ventes!A:A,Factures!A2) >= 4,SUMIF(Ventes!A:A,Factures!A2,Ventes!F:F) >=10), J2*0.05,0) -> 0 | Q2: =J2+P2 -> 191.84 | S2: =COUNTIF(Ventes!A:A,Factures!A2) -> 1 | T2: =SUMIF(Ventes!A:A,Factures!A2,Ventes!F:F) -> 1 | U2: =OR(COUNTIF(Ventes!A:A,Factures!A2) >= 4,SUMIF(Ventes!A:A,Factures!A2,Ventes!F:F) >=10) -> FALSE | W2: =IF(ISNUMBER(K2),J2+K2,J2) -> 191.84 | Y2: =IF(OR(COUNTIF(Ventes!A:A,Factures!A2) >= 4,SUMIF(Ventes!A:A,Factures!A2,Ventes!F:F) >=10), J2*0.05,0) -> 0 | Z2: =Y2+J2 -> 191.84
A3: FA-2008-0002 | B3: 45481 | C3: =WORKDAY(B3,15,JoursFeries) -> 45502 | D3: Francesca MARITTO | E3: =RIGHT(D3,LEN(D3)-SEARCH(" ",D3)) -> MARITTO | F3: 53400 | G3: St Quentin les Anges | H3: 49 boulevard de la Paix | I3: 03 81 82 85 17 | J3: =SUMIF(Ventes!A:A,Factures!A3,Ventes!H:H) -> 414.854 | K3: =IF(OR(COUNTIF(Ventes!A:A,Factures!A3) >= 4,SUMIF(Ventes!A:A,Factures!A3,Ventes!F:F) >=10), J3*0.05,"") | L3: =IF(K3<>"",J3+K3,J3) -> 414.854 | M3: =VALUE(LEFT(F3,2)) -> 53 | N3: =_xlfn.XLOOKUP(M3,NumDept,Transporteur,"A DEFINIR",0) -> Colissimo | P3: =IF(OR(COUNTIF(Ventes!A:A,Factures!A3) >= 4,SUMIF(Ventes!A:A,Factures!A3,Ventes!F:F) >=10), J3*0.05,0) -> 0 | Q3: =J3+P3 -> 414.854 | S3: =COUNTIF(Ventes!A:A,Factures!A3) -> 2 | T3: =SUMIF(Ventes!A:A,Factures!A3,Ventes!F:F) -> 4 | U3: =OR(COUNTIF(Ventes!A:A,Factures!A3) >= 4,SUMIF(Ventes!A:A,Factures!A3,Ventes!F:F) >=10) -> FALSE | W3: =IF(ISNUMBER(K3),J3+K3,J3) -> 414.854 | Y3: =IF(OR(COUNTIF(Ventes!A:A,Factures!A3) >= 4,SUMIF(Ventes!A:A,Factures!A3,Ventes!F:F) >=10), J3*0.05,0) -> 0 | Z3: =Y3+J3 -> 414.854
A4: FA-2008-0003 | B4: 45464 | C4: =WORKDAY(B4,15,JoursFeries) -> 45485 | D4: Françoise BASCHET | E4: =RIGHT(D4,LEN(D4)-SEARCH(" ",D4)) -> BASCHET | F4: 92500 | G4: Rueil Malmaison | H4: 57 rue Pasteur | I4: 06 47 68 49 69 | J4: =SUMIF(Ventes!A:A,Factures!A4,Ventes!H:H) -> 209.56122 | K4: =IF(OR(COUNTIF(Ventes!A:A,Factures!A4) >= 4,SUMIF(Ventes!A:A,Factures!A4,Ventes!F:F) >=10), J4*0.05,"") | L4: =IF(K4<>"",J4+K4,J4) -> 209.56122 | M4: =VALUE(LEFT(F4,2)) -> 92 | N4: =_xlfn.XLOOKUP(M4,NumDept,Transporteur,"A DEFINIR",0) -> Toto Transport | P4: =IF(OR(COUNTIF(Ventes!A:A,Factures!A4) >= 4,SUMIF(Ventes!A:A,Factures!A4,Ventes!F:F) >=10), J4*0.05,0) -> 0 | Q4: =J4+P4 -> 209.56122 | S4: =COUNTIF(Ventes!A:A,Factures!A4) -> 1 | T4: =SUMIF(Ventes!A:A,Factures!A4,Ventes!F:F) -> 2 | U4: =OR(COUNTIF(Ventes!A:A,Factures!A4) >= 4,SUMIF(Ventes!A:A,Factures!A4,Ventes!F:F) >=10) -> FALSE | W4: =IF(ISNUMBER(K4),J4+K4,J4) -> 209.56122 | Y4: =IF(OR(COUNTIF(Ventes!A:A,Factures!A4) >= 4,SUMIF(Ventes!A:A,Factures!A4,Ventes!F:F) >=10), J4*0.05,0) -> 0 | Z4: =Y4+J4 -> 209.56122
A5: FA-2008-0004 | B5: 45526 | C5: =WORKDAY(B5,15,JoursFeries) -> 45547 | D5: Franck GRASSET | E5: =RIGHT(D5,LEN(D5)-SEARCH(" ",D5)) -> GRASSET | F5: 23400 | G5: Auriat | H5: 10 rue Gambetta | I5: 09 78 47 37 74 | J5: =SUMIF(Ventes!A:A,Factures!A5,Ventes!H:H) -> 639.13894 | K5: =IF(OR(COUNTIF(Ventes!A:A,Factures!A5) >= 4,SUMIF(Ventes!A:A,Factures!A5,Ventes!F:F) >=10), J5*0.05,"") -> 31.956947 | L5: =IF(K5<>"",J5+K5,J5) -> 671.09589 | M5: =VALUE(LEFT(F5,2)) -> 23 | N5: =_xlfn.XLOOKUP(M5,NumDept,Transporteur,"A DEFINIR",0) -> Colissimo | P5: =IF(OR(COUNTIF(Ventes!A:A,Factures!A5) >= 4,SUMIF(Ventes!A:A,Factures!A5,Ventes!F:F) >=10), J5*0.05,0) -> 31.956947 | Q5: =J5+P5 -> 671.09589 | S5: =COUNTIF(Ventes!A:A,Factures!A5) -> 4 | T5: =SUMIF(Ventes!A:A,Factures!A5,Ventes!F:F) -> 6 | U5: =OR(COUNTIF(Ventes!A:A,Factures!A5) >= 4,SUMIF(Ventes!A:A,Factures!A5,Ventes!F:F) >=10) -> TRUE | W5: =IF(ISNUMBER(K5),J5+K5,J5) -> 671.09589 | Y5: =IF(OR(COUNTIF(Ventes!A:A,Factures!A5) >= 4,SUMIF(Ventes!A:A,Factures!A5,Ventes!F:F) >=10), J5*0.05,0) -> 31.956947 | Z5: =Y5+J5 -> 671.09589
A6: FA-2008-0005 | B6: 45465 | C6: =WORKDAY(B6,15,JoursFeries) -> 45485 | D6: Sophia MINELLI | E6: =RIGHT(D6,LEN(D6)-SEARCH(" ",D6)) -> MINELLI | F6: 59700 | G6: Marq-en-Bareouil | H6: 9 rue de Venise | I6: 06 50 71 34 67 | J6: =SUMIF(Ventes!A:A,Factures!A6,Ventes!H:H) -> 271.9332 | K6: =IF(OR(COUNTIF(Ventes!A:A,Factures!A6) >= 4,SUMIF(Ventes!A:A,Factures!A6,Ventes!F:F) >=10), J6*0.05,"") -> 13.59666 | L6: =IF(K6<>"",J6+K6,J6) -> 285.52986 | M6: =VALUE(LEFT(F6,2)) -> 59 | N6: =_xlfn.XLOOKUP(M6,NumDept,Transporteur,"A DEFINIR",0) -> Toto Transport | P6: =IF(OR(COUNTIF(Ventes!A:A,Factures!A6) >= 4,SUMIF(Ventes!A:A,Factures!A6,Ventes!F:F) >=10), J6*0.05,0) -> 13.59666 | Q6: =J6+P6 -> 285.52986 | S6: =COUNTIF(Ventes!A:A,Factures!A6) -> 1 | T6: =SUMIF(Ventes!A:A,Factures!A6,Ventes!F:F) -> 10 | U6: =OR(COUNTIF(Ventes!A:A,Factures!A6) >= 4,SUMIF(Ventes!A:A,Factures!A6,Ventes!F:F) >=10) -> TRUE | W6: =IF(ISNUMBER(K6),J6+K6,J6) -> 285.52986 | Y6: =IF(OR(COUNTIF(Ventes!A:A,Factures!A6) >= 4,SUMIF(Ventes!A:A,Factures!A6,Ventes!F:F) >=10), J6*0.05,0) -> 13.59666 | Z6: =Y6+J6 -> 285.52986
A7: FA-2008-0006 | B7: 45515 | C7: =WORKDAY(B7,15,JoursFeries) -> 45537 | D7: Marc GALOTTI | E7: =RIGHT(D7,LEN(D7)-SEARCH(" ",D7)) -> GALOTTI | F7: 64410 | G7: Arget | H7: 15 rue de Taissy | I7: 04 96 53 56 47 | J7: =SUMIF(Ventes!A:A,Factures!A7,Ventes!H:H) -> 391.78524 | K7: =IF(OR(COUNTIF(Ventes!A:A,Factures!A7) >= 4,SUMIF(Ventes!A:A,Factures!A7,Ventes!F:F) >=10), J7*0.05,"") | L7: =IF(K7<>"",J7+K7,J7) -> 391.78524 | M7: =VALUE(LEFT(F7,2)) -> 64 | N7: =_xlfn.XLOOKUP(M7,NumDept,Transporteur,"A DEFINIR",0) -> Colissimo | P7: =IF(OR(COUNTIF(Ventes!A:A,Factures!A7) >= 4,SUMIF(Ventes!A:A,Factures!A7,Ventes!F:F) >=10), J7*0.05,0) -> 0 | Q7: =J7+P7 -> 391.78524 | S7: =COUNTIF(Ventes!A:A,Factures!A7) -> 1 | T7: =SUMIF(Ventes!A:A,Factures!A7,Ventes!F:F) -> 6 | U7: =OR(COUNTIF(Ventes!A:A,Factures!A7) >= 4,SUMIF(Ventes!A:A,Factures!A7,Ventes!F:F) >=10) -> FALSE | W7: =IF(ISNUMBER(K7),J7+K7,J7) -> 391.78524 | Y7: =IF(OR(COUNTIF(Ventes!A:A,Factures!A7) >= 4,SUMIF(Ventes!A:A,Factures!A7,Ventes!F:F) >=10), J7*0.05,0) -> 0 | Z7: =Y7+J7 -> 391.78524
A8: FA-2008-0007 | B8: 45498 | C8: =WORKDAY(B8,15,JoursFeries) -> 45520 | D8: Rachel DANO | E8: =RIGHT(D8,LEN(D8)-SEARCH(" ",D8)) -> DANO | F8: 55400 | G8: Braquis | H8: 40 avenue de Paris | I8: 01 42 71 31 24 | J8: =SUMIF(Ventes!A:A,Factures!A8,Ventes!H:H) -> 586.16712 | K8: =IF(OR(COUNTIF(Ventes!A:A,Factures!A8) >= 4,SUMIF(Ventes!A:A,Factures!A8,Ventes!F:F) >=10), J8*0.05,"") -> 29.308356 | L8: =IF(K8<>"",J8+K8,J8) -> 615.47548 | M8: =VALUE(LEFT(F8,2)) -> 55 | N8: =_xlfn.XLOOKUP(M8,NumDept,Transporteur,"A DEFINIR",0) -> Camion propre | P8: =IF(OR(COUNTIF(Ventes!A:A,Factures!A8) >= 4,SUMIF(Ventes!A:A,Factures!A8,Ventes!F:F) >=10), J8*0.05,0) -> 29.308356 | Q8: =J8+P8 -> 615.47548 | S8: =COUNTIF(Ventes!A:A,Factures!A8) -> 3 | T8: =SUMIF(Ventes!A:A,Factures!A8,Ventes!F:F) -> 11 | U8: =OR(COUNTIF(Ventes!A:A,Factures!A8) >= 4,SUMIF(Ventes!A:A,Factures!A8,Ventes!F:F) >=10) -> TRUE | W8: =IF(ISNUMBER(K8),J8+K8,J8) -> 615.47548 | Y8: =IF(OR(COUNTIF(Ventes!A:A,Factures!A8) >= 4,SUMIF(Ventes!A:A,Factures!A8,Ventes!F:F) >=10), J8*0.05,0) -> 29.308356 | Z8: =Y8+J8 -> 615.47548
A9: FA-2008-0008 | B9: 45515 | C9: =WORKDAY(B9,15,JoursFeries) -> 45537 | D9: Raymond GLORI | E9: =RIGHT(D9,LEN(D9)-SEARCH(" ",D9)) -> GLORI | F9: 52400 | G9: Aigremont | H9: 5 impasse des Belges | I9: 04 71 55 40 56 | J9: =SUMIF(Ventes!A:A,Factures!A9,Ventes!H:H) -> 54.38664 | K9: =IF(OR(COUNTIF(Ventes!A:A,Factures!A9) >= 4,SUMIF(Ventes!A:A,Factures!A9,Ventes!F:F) >=10), J9*0.05,"") | L9: =IF(K9<>"",J9+K9,J9) -> 54.38664 | M9: =VALUE(LEFT(F9,2)) -> 52 | N9: =_xlfn.XLOOKUP(M9,NumDept,Transporteur,"A DEFINIR",0) -> Camion propre | P9: =IF(OR(COUNTIF(Ventes!A:A,Factures!A9) >= 4,SUMIF(Ventes!A:A,Factures!A9,Ventes!F:F) >=10), J9*0.05,0) -> 0 | Q9: =J9+P9 -> 54.38664 | S9: =COUNTIF(Ventes!A:A,Factures!A9) -> 1 | T9: =SUMIF(Ventes!A:A,Factures!A9,Ventes!F:F) -> 2 | U9: =OR(COUNTIF(Ventes!A:A,Factures!A9) >= 4,SUMIF(Ventes!A:A,Factures!A9,Ventes!F:F) >=10) -> FALSE | W9: =IF(ISNUMBER(K9),J9+K9,J9) -> 54.38664 | Y9: =IF(OR(COUNTIF(Ventes!A:A,Factures!A9) >= 4,SUMIF(Ventes!A:A,Factures!A9,Ventes!F:F) >=10), J9*0.05,0) -> 0 | Z9: =Y9+J9 -> 54.38664
A10: FA-2008-0009 | B10: 45527 | C10: =WORKDAY(B10,15,JoursFeries) -> 45548 | D10: François BASCHET | E10: =RIGHT(D10,LEN(D10)-SEARCH(" ",D10)) -> BASCHET | F10: 04210 | G10: Brunet | H10: 12 rue de Tinqueux | I10: 06 39 29 45 40 | J10: =SUMIF(Ventes!A:A,Factures!A10,Ventes!H:H) -> 1125.1416 | K10: =IF(OR(COUNTIF(Ventes!A:A,Factures!A10) >= 4,SUMIF(Ventes!A:A,Factures!A10,Ventes!F:F) >=10), J10*0.05,"") -> 56.25708 | L10: =IF(K10<>"",J10+K10,J10) -> 1181.3987 | M10: =VALUE(LEFT(F10,2)) -> 4 | N10: =_xlfn.XLOOKUP(M10,NumDept,Transporteur,"A DEFINIR",0) -> Colissimo | P10: =IF(OR(COUNTIF(Ventes!A:A,Factures!A10) >= 4,SUMIF(Ventes!A:A,Factures!A10,Ventes!F:F) >=10), J10*0.05,0) -> 56.25708 | Q10: =J10+P10 -> 1181.3987 | S10: =COUNTIF(Ventes!A:A,Factures!A10) -> 4 | T10: =SUMIF(Ventes!A:A,Factures!A10,Ventes!F:F) -> 8 | U10: =OR(COUNTIF(Ventes!A:A,Factures!A10) >= 4,SUMIF(Ventes!A:A,Factures!A10,Ventes!F:F) >=10) -> TRUE | W10: =IF(ISNUMBER(K10),J10+K10,J10) -> 1181.3987 | Y10: =IF(OR(COUNTIF(Ventes!A:A,Factures!A10) >= 4,SUMIF(Ventes!A:A,Factures!A10,Ventes!F:F) >=10), J10*0.05,0) -> 56.25708 | Z10: =Y10+J10 -> 1181.3987
A11: FA-2008-0010 | B11: 45495 | C11: =WORKDAY(B11,15,JoursFeries) -> 45516 | D11: Sandra CEREJA | E11: =RIGHT(D11,LEN(D11)-SEARCH(" ",D11)) -> CEREJA | F11: 99 999 | G11: Santa Maria, BR | H11: Tv Domingos Trevisan | I11: 00 55 4 68 79 80 10 | J11: =SUMIF(Ventes!A:A,Factures!A11,Ventes!H:H) -> 241.04696 | K11: =IF(OR(COUNTIF(Ventes!A:A,Factures!A11) >= 4,SUMIF(Ventes!A:A,Factures!A11,Ventes!F:F) >=10), J11*0.05,"") | L11: =IF(K11<>"",J11+K11,J11) -> 241.04696 | M11: =VALUE(LEFT(F11,2)) -> 99 | N11: =_xlfn.XLOOKUP(M11,NumDept,Transporteur,"A DEFINIR",0) -> A DEFINIR | P11: =IF(OR(COUNTIF(Ventes!A:A,Factures!A11) >= 4,SUMIF(Ventes!A:A,Factures!A11,Ventes!F:F) >=10), J11*0.05,0) -> 0 | Q11: =J11+P11 -> 241.04696 | S11: =COUNTIF(Ventes!A:A,Factures!A11) -> 2 | T11: =SUMIF(Ventes!A:A,Factures!A11,Ventes!F:F) -> 3 | U11: =OR(COUNTIF(Ventes!A:A,Factures!A11) >= 4,SUMIF(Ventes!A:A,Factures!A11,Ventes!F:F) >=10) -> FALSE | W11: =IF(ISNUMBER(K11),J11+K11,J11) -> 241.04696 | Y11: =IF(OR(COUNTIF(Ventes!A:A,Factures!A11) >= 4,SUMIF(Ventes!A:A,Factures!A11,Ventes!F:F) >=10), J11*0.05,0) -> 0 | Z11: =Y11+J11 -> 241.04696
A12: FA-2008-0011 | B12: 45536 | C12: =WORKDAY(B12,15,JoursFeries) -> 45555 | D12: Sophia MINELLI | E12: =RIGHT(D12,LEN(D12)-SEARCH(" ",D12)) -> MINELLI | F12: 59700 | G12: Marq-en-Bareouil | H12: 9 rue de Venise | I12: 09 40 38 62 48 | J12: =SUMIF(Ventes!A:A,Factures!A12,Ventes!H:H) -> 443.63 | K12: =IF(OR(COUNTIF(Ventes!A:A,Factures!A12) >= 4,SUMIF(Ventes!A:A,Factures!A12,Ventes!F:F) >=10), J12*0.05,"") | L12: =IF(K12<>"",J12+K12,J12) -> 443.63 | M12: =VALUE(LEFT(F12,2)) -> 59 | N12: =_xlfn.XLOOKUP(M12,NumDept,Transporteur,"A DEFINIR",0) -> Toto Transport | P12: =IF(OR(COUNTIF(Ventes!A:A,Factures!A12) >= 4,SUMIF(Ventes!A:A,Factures!A12,Ventes!F:F) >=10), J12*0.05,0) -> 0 | Q12: =J12+P12 -> 443.63 | S12: =COUNTIF(Ventes!A:A,Factures!A12) -> 1 | T12: =SUMIF(Ventes!A:A,Factures!A12,Ventes!F:F) -> 1 | U12: =OR(COUNTIF(Ventes!A:A,Factures!A12) >= 4,SUMIF(Ventes!A:A,Factures!A12,Ventes!F:F) >=10) -> FALSE | W12: =IF(ISNUMBER(K12),J12+K12,J12) -> 443.63 | Y12: =IF(OR(COUNTIF(Ventes!A:A,Factures!A12) >= 4,SUMIF(Ventes!A:A,Factures!A12,Ventes!F:F) >=10), J12*0.05,0) -> 0 | Z12: =Y12+J12 -> 443.63
A13: FA-2008-0012 | B13: 45536 | C13: =WORKDAY(B13,15,JoursFeries) -> 45555 | D13: Remy DE LAON | E13: =RIGHT(D13,LEN(D13)-SEARCH(" ",D13)) -> DE LAON | F13: 51100 | G13: Reims | H13: 2 rue Simon | I13: 06 66 44 77 11 | J13: =SUMIF(Ventes!A:A,Factures!A13,Ventes!H:H) -> 138.31664 | K13: =IF(OR(COUNTIF(Ventes!A:A,Factures!A13) >= 4,SUMIF(Ventes!A:A,Factures!A13,Ventes!F:F) >=10), J13*0.05,"") | L13: =IF(K13<>"",J13+K13,J13) -> 138.31664 | M13: =VALUE(LEFT(F13,2)) -> 51 | N13: =_xlfn.XLOOKUP(M13,NumDept,Transporteur,"A DEFINIR",0) -> Camion propre | P13: =IF(OR(COUNTIF(Ventes!A:A,Factures!A13) >= 4,SUMIF(Ventes!A:A,Factures!A13,Ventes!F:F) >=10), J13*0.05,0) -> 0 | Q13: =J13+P13 -> 138.31664 | S13: =COUNTIF(Ventes!A:A,Factures!A13) -> 2 | T13: =SUMIF(Ventes!A:A,Factures!A13,Ventes!F:F) -> 4 | U13: =OR(COUNTIF(Ventes!A:A,Factures!A13) >= 4,SUMIF(Ventes!A:A,Factures!A13,Ventes!F:F) >=10) -> FALSE | W13: =IF(ISNUMBER(K13),J13+K13,J13) -> 138.31664 | Y13: =IF(OR(COUNTIF(Ventes!A:A,Factures!A13) >= 4,SUMIF(Ventes!A:A,Factures!A13,Ventes!F:F) >=10), J13*0.05,0) -> 0 | Z13: =Y13+J13 -> 138.31664
A14: FA-2008-0013 | B14: 45537 | C14: =WORKDAY(B14,15,JoursFeries) -> 45558 | D14: Cornelius TOVALSKI | E14: =RIGHT(D14,LEN(D14)-SEARCH(" ",D14)) -> TOVALSKI | F14: 33025 | G14: Bordeaux | H14: 32 rue de rivière | I14: 07 82 92 21 13 | J14: =SUMIF(Ventes!A:A,Factures!A14,Ventes!H:H) -> 1040.5402 | K14: =IF(OR(COUNTIF(Ventes!A:A,Factures!A14) >= 4,SUMIF(Ventes!A:A,Factures!A14,Ventes!F:F) >=10), J14*0.05,"") | L14: =IF(K14<>"",J14+K14,J14) -> 1040.5402 | M14: =VALUE(LEFT(F14,2)) -> 33 | N14: =_xlfn.XLOOKUP(M14,NumDept,Transporteur,"A DEFINIR",0) -> Colissimo | P14: =IF(OR(COUNTIF(Ventes!A:A,Factures!A14) >= 4,SUMIF(Ventes!A:A,Factures!A14,Ventes!F:F) >=10), J14*0.05,0) -> 0 | Q14: =J14+P14 -> 1040.5402 | S14: =COUNTIF(Ventes!A:A,Factures!A14) -> 3 | T14: =SUMIF(Ventes!A:A,Factures!A14,Ventes!F:F) -> 9 | U14: =OR(COUNTIF(Ventes!A:A,Factures!A14) >= 4,SUMIF(Ventes!A:A,Factures!A14,Ventes!F:F) >=10) -> FALSE | W14: =IF(ISNUMBER(K14),J14+K14,J14) -> 1040.5402 | Y14: =IF(OR(COUNTIF(Ventes!A:A,Factures!A14) >= 4,SUMIF(Ventes!A:A,Factures!A14,Ventes!F:F) >=10), J14*0.05,0) -> 0 | Z14: =Y14+J14 -> 1040.5402

Sheet Transport
A1: Transporteur | B1: Département | C1: Numéro
A2: Camion propre | B2: Aisne | C2: 2
A3: Camion propre | B3: Ardennes | C3: 8
A4: Camion propre | B4: Aube | C4: 10
A5: Camion propre | B5: Marne | C5: 51
A6: Camion propre | B6: Haute-Marne | C6: 52
A7: Camion propre | B7: Meurthe-et-Moselle | C7: 54
A8: Camion propre | B8: Meuse | C8: 55
A9: Camion propre | B9: Moselle | C9: 57
A10: Camion propre | B10: Pas-de-Calais | C10: 62
A11: Colissimo | B11: Allier | C11: 3
A12: Colissimo | B12: Alpes-de-Haute-Provence | C12: 4
A13: Colissimo | B13: Hautes-Alpes | C13: 5
... A74: DHL | B74: Mayotte | C74: 976
A75: DHL | B75: Corse-du-Sud | C75: 2A
A76: DHL | B76: Haute-Corse | C76: 2B
A77: Rick Transport | B77: Ain | C77: 1
A78: Rick Transport | B78: Côte-d'Or | C78: 21
A79: Rick Transport | B79: Côtes-d'Armor | C79: 22
A80: Rick Transport | B80: Jura | C80: 39
A81: Rick Transport | B81: Rhône | C81: 69
A82: Rick Transport | B82: Haute-Saône | C82: 70
A83: Rick Transport | B83: Saône-et-Loire | C83: 71
A84: Rick Transport | B84: Savoie | C84: 73
A85: Rick Transport | B85: Haute-Savoie | C85: 74
A86: Rick Transport | B86: Vienne | C86: 86
A87: Rick Transport | B87: Haute-Vienne | C87: 87
A88: Toto Transport | B88: Ardèche | C88: 7
... A102: Toto Transport | B102: Val-d'Oise | C102: 95

Sheet Feuil3
A1: Code produit | B1: Description | C1: Prix Unit | D1: Prix HT | E1: Prix TTC
A2: P1176 | B2: Ensemble dessous verre | C2: 12.16€ | D2: =_xlfn.NUMBERVALUE(C2,".") -> 12.16 | E2: =D2*(1+TVA) -> 14.57984 | G2: si on essaie de faire le calcul avec la colonne C, ça ne marche pas…
A3: P3026 | B3: Porte tablette | C3: 22.68€ | D3: =_xlfn.NUMBERVALUE(C3,".") -> 22.68 | E3: =D3*(1+TVA) -> 27.19332 | G3: il faut d'abord nettoyer les données
A4: P3081 | B4: Vase | C4: 34.28€ | D4: =_xlfn.NUMBERVALUE(C4,".") -> 34.28 | E4: =D4*(1+TVA) -> 41.10172 | G4: si les valeurs contiennent une devise différente de la vôtre ($ par ex),
A5: P3108 | B5: Table 4 place | C5: 95.51€ | D5: =_xlfn.NUMBERVALUE(C5,".") -> 95.51 | E5: =D5*(1+TVA) -> 114.51649 | G5: il faut d'abord remplacer le $ par rien
A6: P5026 | B6: Chaise haute | C6: 73.29€ | D6: =_xlfn.NUMBERVALUE(C6,".") -> 73.29 | E6: =D6*(1+TVA) -> 87.87471 | G6: $ 73.29 | H6: =_xlfn.NUMBERVALUE(G6,".") -> #VALUE! | I6: =_xlfn.NUMBERVALUE(SUBSTITUTE(G6,"$",""),".") -> 73.29
A7: P5665 | B7: Taboret | C7: 54.46€ | D7: =_xlfn.NUMBERVALUE(C7,".") -> 54.46 | E7: =D7*(1+TVA) -> 65.29754
A8: P5875 | B8: Table basse | C8: 87.39€ | D8: =_xlfn.NUMBERVALUE(C8,".") -> 87.39 | E8: =D8*(1+TVA) -> 104.78061
A9: P5943 | B9: Chaise jardin | C9: 88.76€ | D9: =_xlfn.NUMBERVALUE(C9,".") -> 88.76 | E9: =D9*(1+TVA) -> 106.42324
A10: P6953 | B10: Ensemble jardin | C10: 282.73€ | D10: =_xlfn.NUMBERVALUE(C10,".") -> 282.73 | E10: =D10*(1+TVA) -> 338.99327
A11: P7910 | B11: Ensemble table + banc | C11: 398.32€ | D11: =_xlfn.NUMBERVALUE(C11,".") -> 398.32 | E11: =D11*(1+TVA) -> 477.58568
A12: P8428 | B12: Table 4/6 places | C12: 172.80€ | D12: =_xlfn.NUMBERVALUE(C12,".") -> 172.8 | E12: =D12*(1+TVA) -> 207.1872
A13: P9167 | B13: Table haute / bar | C13: 370.57€ | D13: =_xlfn.NUMBERVALUE(C13,".") -> 370.57 | E13: =D13*(1+TVA) -> 444.31343
A14: P9287 | B14: Table 6 places | C14: 163.80€ | D14: =_xlfn.NUMBERVALUE(C14,".") -> 163.8 | E14: =D14*(1+TVA) -> 196.3962

Sheet JourFériés
B1: Noms Jours fériés | C1: Jours semaine | D1: Année | E1: 2024
A2: 45292 | B2: Jour de l'An
A3: 45383 | B3: Lundi de Pâques
A4: 45413 | B4: Fête du Travail
A5: 45420 | B5: Victoire 1945
A6: 45421 | B6: Ascension
A7: 45432 | B7: Pentecôte
A8: 45487 | B8: Fête nationale
A9: 45519 | B9: Assomption
A10: 45597 | B10: Toussaint
A11: 45607 | B11: Armistice 1918
A12: 45651 | B12: Noël

Sheet Recherches
A1: Zone | B1: Ventes
A2: N° Facture | B2: Date | C2: Produit | D2: Description | E2: Prix Unit | F2: Quantité | G2: Prix HT | H2: Prix TTC | I2: Prix Prod
D3: Tab* | F3: >1
A5: Nb Produits | B5: =DCOUNTA(Ventes,$A$2,ZoneRechVentes) -> 5 | C5: Prix Moy HT | D5: =DAVERAGE(Ventes,$G$2,ZoneRechVentes) -> 222.4 | E5: Qte Moy | F5: =DAVERAGE(Ventes,$F$2,ZoneRechVentes) -> 3.6 | G5: Prix Prod Moy | H5: =DAVERAGE(Ventes,$I$2,ZoneRechVentes) -> 67.632
C6: Total prix HT | D6: =DSUM(Ventes,$G$2,ZoneRechVentes) -> 1112 | E6: Qte total | F6: =DSUM(Ventes,$F$2,ZoneRechVentes) -> 18 | G6: Prix Prod Tot | H6: =DSUM(Ventes,$I$2,ZoneRechVentes) -> 338.16
A10: Zone | B10: Factures
A11: N° Facture | B11: Date | C11: Date Livraison | D11: Client | E11: Nom | F11: Code postal | G11: ville | H11: adresse | I11: téléphone | J11: Prix TTC | K11: Surcoût | L11: Prix Total | M11: Department | N11: Transp
N12: Toto*
A15: Nb Factures | B15: =DCOUNTA(Factures,$A$2,ZoneRechFactures) -> 4 | C15: Prix TTC Moy | D15: =DAVERAGE(Factures,$J$11,ZoneRechFactures) -> 279.24111 | E15: Surcoût Moy | F15: =DAVERAGE(Factures,$K$11,ZoneRechFactures) -> 13.59666
C16: Prix TTC Tot | D16: =DSUM(Factures,$J$11,ZoneRechFactures) -> 1116.9644 | E16: Surcoût Tot | F16: =DSUM(Factures,$K$11,ZoneRechFactures) -> 13.59666

Sheet TCD ventes
A3: Produits | B3: Somme de Quantité | C3: Somme de Prix HT | D3: % Tot gén | G3: Prix Prod | H3: Somme de Quantité
A4: Chaise haute | B4: 10 | C4: 719.74 | D4: 0.15012473 | G4: 10-20 | H4: 2
A5: P5026 | B5: 10 | C5: 719.74 | D5: 0.15012473 | G5: 20-30 | H5: 21
A6: Dessous verre | B6: 2 | C6: 24 | D6: 0.0050059654 | G6: 30-40 | H6: 8
A7: P1176 | B7: 2 | C7: 24 | D7: 0.0050059654 | G7: 50-60 | H7: 15
A8: Ensemble jardin | B8: 2 | C8: 562 | D8: 0.11722302 | G8: 70-80 | H8: 10
A9: P6953 | B9: 2 | C9: 562 | D9: 0.11722302 | G9: 80-90 | H9: 4
A10: Ensemble table | B10: 1 | C10: 300 | D10: 0.062574568 | G10: 160-170 | H10: 1
A11: P7910 | B11: 1 | C11: 300 | D11: 0.062574568 | G11: 280-290 | H11: 2
A12: Porte tablette | B12: 21 | C12: 474.24 | D12: 0.098917877 | G12: 300-310 | H12: 1
A13: P3026 | B13: 21 | C13: 474.24 | D13: 0.098917877 | G13: 370-380 | H13: 3
A14: Table | B14: 3 | C14: 334.78 | D14: 0.069829046 | G14: Total général | H14: 67
A15: P5875 | B15: 2 | C15: 174.78 | D15: 0.036455943
A16: P9287 | B16: 1 | C16: 160 | D16: 0.033373103
A17: Table basse | B17: 2 | C17: 174.78 | D17: 0.036455943
A18: P5875 | B18: 2 | C18: 174.78 | D18: 0.036455943
A19: Table haute / bar | B19: 3 | C19: 1110 | D19: 0.2315259
A20: P9167 | B20: 3 | C20: 1110 | D20: 0.2315259
A21: Tabouret | B21: 15 | C21: 816.9 | D21: 0.17039055
A22: P5665 | B22: 15 | C22: 816.9 | D22: 0.17039055
A23: Vase | B23: 8 | C23: 277.84 | D23: 0.057952393
A24: P3081 | B24: 3 | C24: 102.84 | D24: 0.021450562
A25: P3108 | B25: 5 | C25: 175 | D25: 0.036501831
A26: Total général | B26: 67 | C26: 4794.28 | D26: 1

Sheet TCD Livraisons
A3: Transporteurs | B3: Qte vendue | C3: coût prod
A4: A DEFINIR | B4: 3 | C4: 127.75
A5: Camion propre | B5: 17 | C5: 211.33
A6: Colissimo | B6: 33 | C6: 2025.33
A7: Toto Transport | B7: 14 | C7: 640.07
A8: Total général | B8: 67 | C8: 3004.48
A15: Depts & Villes | B15: Qte vendue | C15: coût prod | D15: Somme HT | E15: % Total HT
A16: 4 | B16: 8 | C16: 740.74 | D16: 938.4 | E16: 0.19573325
A17: Brunet | B17: 8 | C17: 740.74 | D17: 938.4 | E17: 0.19573325
A18: 23 | B18: 6 | C18: 433.67 | D18: 533.06 | E18: 0.11118666
A19: Auriat | B19: 6 | C19: 433.67 | D19: 533.06 | E19: 0.11118666
A20: 33 | B20: 9 | C20: 494.46 | D20: 867.84 | E20: 0.18101571
A21: Bordeaux | B21: 9 | C21: 494.46 | D21: 867.84 | E21: 0.18101571
A22: 51 | B22: 4 | C22: 57.68 | D22: 115.36 | E22: 0.024062007
A23: Reims | B23: 4 | C23: 57.68 | D23: 115.36 | E23: 0.024062007
A24: 52 | B24: 2 | C24: 22.68 | D24: 45.36 | E24: 0.0094612747
A25: Aigremont | B25: 2 | C25: 22.68 | D25: 45.36 | E25: 0.0094612747
A26: 53 | B26: 4 | C26: 302 | D26: 346 | E26: 0.072169335
A27: St Quentin les Anges | B27: 4 | C27: 302 | D27: 346 | E27: 0.072169335
A28: 55 | B28: 11 | C28: 130.97 | D28: 488.88 | E28: 0.10197152
A29: Braquis | B29: 11 | C29: 130.97 | D29: 488.88 | E29: 0.10197152
A30: 59 | B30: 11 | C30: 392.68 | D30: 596.8 | E30: 0.12448167
A31: Marq-en-Bareouil | B31: 11 | C31: 392.68 | D31: 596.8 | E31: 0.12448167
A32: 64 | B32: 6 | C32: 54.46 | D32: 326.76 | E32: 0.068156219
A33: Arget | B33: 6 | C33: 54.46 | D33: 326.76 | E33: 0.068156219
A34: 89 | B34: 1 | C34: 160 | D34: 160 | E34: 0.033373103
A35: St Aubin sur Yonne | B35: 1 | C35: 160 | D35: 160 | E35: 0.033373103
A36: 92 | B36: 2 | C36: 87.39 | D36: 174.78 | E36: 0.036455943
A37: Rueil Malmaison | B37: 2 | C37: 87.39 | D37: 174.78 | E37: 0.036455943
A38: 99 | B38: 3 | C38: 127.75 | D38: 201.04 | E38: 0.041933304
A39: Santa Maria, BR | B39: 3 | C39: 127.75 | D39: 201.04 | E39: 0.041933304
A40: Total général | B40: 67 | C40: 3004.48 | D40: 4794.28 | E40: 1

Sheet TCD Décaler
A1: Transporteurs | B1: Qte vendue | C1: Cout prod
A2: A DEFINIR | B2: 3 | C2: 127.75
A3: Camion propre | B3: 17 | C3: 211.33
A4: Colissimo | B4: 33 | C4: 2025.33
A5: Toto Transport | B5: 14 | C5: 640.07
A6: Total général | B6: 67 | C6: 3004.48
A12: Étiquettes de lignes | B12: Qte vendue | C12: Cout prod | D12: Somme Prix HT | E12: % Total Prix HT
A13: 4 | B13: 8 | C13: 740.74 | D13: 938.4 | E13: 0.19573325
A14: Brunet | B14: 8 | C14: 740.74 | D14: 938.4 | E14: 0.19573325
A15: 23 | B15: 6 | C15: 433.67 | D15: 533.06 | E15: 0.11118666
A16: Auriat | B16: 6 | C16: 433.67 | D16: 533.06 | E16: 0.11118666
A17: 33 | B17: 9 | C17: 494.46 | D17: 867.84 | E17: 0.18101571
A18: Bordeaux | B18: 9 | C18: 494.46 | D18: 867.84 | E18: 0.18101571
A19: 51 | B19: 4 | C19: 57.68 | D19: 115.36 | E19: 0.024062007
A20: Reims | B20: 4 | C20: 57.68 | D20: 115.36 | E20: 0.024062007
A21: 52 | B21: 2 | C21: 22.68 | D21: 45.36 | E21: 0.0094612747
A22: Aigremont | B22: 2 | C22: 22.68 | D22: 45.36 | E22: 0.0094612747
A23: 53 | B23: 4 | C23: 302 | D23: 346 | E23: 0.072169335
A24: St Quentin les Anges | B24: 4 | C24: 302 | D24: 346 | E24: 0.072169335
A25: 55 | B25: 11 | C25: 130.97 | D25: 488.88 | E25: 0.10197152
A26: Braquis | B26: 11 | C26: 130.97 | D26: 488.88 | E26: 0.10197152
A27: 59 | B27: 11 | C27: 392.68 | D27: 596.8 | E27: 0.12448167
A28: Marq-en-Bareouil | B28: 11 | C28: 392.68 | D28: 596.8 | E28: 0.12448167
A29: 64 | B29: 6 | C29: 54.46 | D29: 326.76 | E29: 0.068156219
A30: Arget | B30: 6 | C30: 54.46 | D30: 326.76 | E30: 0.068156219
A31: 89 | B31: 1 | C31: 160 | D31: 160 | E31: 0.033373103
A32: St Aubin sur Yonne | B32: 1 | C32: 160 | D32: 160 | E32: 0.033373103
A33: 92 | B33: 2 | C33: 87.39 | D33: 174.78 | E33: 0.036455943
A34: Rueil Malmaison | B34: 2 | C34: 87.39 | D34: 174.78 | E34: 0.036455943
A35: 99 | B35: 3 | C35: 127.75 | D35: 201.04 | E35: 0.041933304
A36: Santa Maria, BR | B36: 3 | C36: 127.75 | D36: 201.04 | E36: 0.041933304
A37: Total général | B37: 67 | C37: 3004.48 | D37: 4794.28 | E37: 1

Sheet Ventes (copie)
A1: TVA | B1: 0.199
E2: Copie feuille originale pour montrer la solution avec DECALER
A5: N° Facture | B5: Date | C5: Date Livraison | D5: Produit | E5: Description | F5: Prix Unit | G5: Quantité | H5: Prix HT | I5: Prix TTC | J5: Prix Prod | K5: Date Livraison | L5: Nom | M5: Code postal | N5: ville | O5: Department | P5: Transp
A6: FA-2008-0001 | B6: =VLOOKUP($A6,[1]Factures!$A:$C,2,FALSE) -> 45475 | C6: =VLOOKUP(A6,Factures!$A:$N,3,FALSE) -> 45496 | D6: P9287 | E6: Table | F6: 160 | G6: 1 | H6: =IF(F6<J6,F6,J6) * G6 -> 160 | I6: =H6*(1+TVAcopie) -> 191.84 | J6: =VLOOKUP($D6,'catalogue'!$A:$C,3,FALSE) -> 163.8 | K6: =VLOOKUP(A6,Factures!$A:$N,3,FALSE) -> 45496 | L6: {=_xlfn.XLOOKUP($A6,Factures!$A:$A,Factures!E:G,"",0)} -> NAUDEAU | M6: 89300 | N6: St Aubin sur Yonne | O6: {=_xlfn.XLOOKUP($A6,Factures!$A:$A,Factures!M:N,"",0)} -> 89 | P6: Toto Transport
A7: FA-2008-0002 | B7: =VLOOKUP($A7,[1]Factures!$A:$C,2,FALSE) -> 45481 | C7: =VLOOKUP(A7,Factures!$A:$N,3,FALSE) -> 45502 | D7: P6953 | E7: Ensemble jardin | F7: 280 | G7: 1 | H7: =IF(F7<J7,F7,J7) * G7 -> 280 | I7: =H7*(1+TVAcopie) -> 335.72 | J7: =VLOOKUP($D7,'catalogue'!$A:$C,3,FALSE) -> 282.73 | K7: =VLOOKUP(A7,Factures!$A:$N,3,FALSE) -> 45502 | L7: {=_xlfn.XLOOKUP($A7,Factures!$A:$A,Factures!E:G,"",0)} -> MARITTO | M7: 53400 | N7: St Quentin les Anges | O7: {=_xlfn.XLOOKUP($A7,Factures!$A:$A,Factures!M:N,"",0)} -> 53 | P7: Colissimo
A8: FA-2008-0002 | B8: =VLOOKUP($A8,[1]Factures!$A:$C,2,FALSE) -> 45481 | C8: =VLOOKUP(A8,Factures!$A:$N,3,FALSE) -> 45502 | D8: P3026 | E8: Porte tablette | F8: 22 | G8: 3 | H8: =IF(F8<J8,F8,J8) * G8 -> 66 | I8: =H8*(1+TVAcopie) -> 79.134 | J8: =VLOOKUP($D8,'catalogue'!$A:$C,3,FALSE) -> 22.68 | K8: =VLOOKUP(A8,Factures!$A:$N,3,FALSE) -> 45502 | L8: {=_xlfn.XLOOKUP($A8,Factures!$A:$A,Factures!E:G,"",0)} -> MARITTO | M8: 53400 | N8: St Quentin les Anges | O8: {=_xlfn.XLOOKUP($A8,Factures!$A:$A,Factures!M:N,"",0)} -> 53 | P8: Colissimo
A9: FA-2008-0003 | B9: =VLOOKUP($A9,[1]Factures!$A:$C,2,FALSE) -> 45464 | C9: =VLOOKUP(A9,Factures!$A:$N,3,FALSE) -> 45485 | D9: P5875 | E9: Table | F9: 88 | G9: 2 | H9: =IF(F9<J9,F9,J9) * G9 -> 174.78 | I9: =H9*(1+TVAcopie) -> 209.56122 | J9: =VLOOKUP($D9,'catalogue'!$A:$C,3,FALSE) -> 87.39 | K9: =VLOOKUP(A9,Factures!$A:$N,3,FALSE) -> 45485 | L9: {=_xlfn.XLOOKUP($A9,Factures!$A:$A,Factures!E:G,"",0)} -> BASCHET | M9: 92500 | N9: Rueil Malmaison | O9: {=_xlfn.XLOOKUP($A9,Factures!$A:$A,Factures!M:N,"",0)} -> 92 | P9: Toto Transport
A10: FA-2008-0004 | B10: =VLOOKUP($A10,[1]Factures!$A:$C,2,FALSE) -> 45526 | C10: =VLOOKUP(A10,Factures!$A:$N,3,FALSE) -> 45547 | D10: P1176 | E10: Dessous verre | F10: 12 | G10: 2 | H10: =IF(F10<J10,F10,J10) * G10 -> 24 | I10: =H10*(1+TVAcopie) -> 28.776 | J10: =VLOOKUP($D10,'catalogue'!$A:$C,3,FALSE) -> 12.16 | K10: =VLOOKUP(A10,Factures!$A:$N,3,FALSE) -> 45547 | L10: {=_xlfn.XLOOKUP($A10,Factures!$A:$A,Factures!E:G,"",0)} -> GRASSET | M10: 23400 | N10: Auriat | O10: {=_xlfn.XLOOKUP($A10,Factures!$A:$A,Factures!M:N,"",0)} -> 23 | P10: Colissimo
A11: FA-2008-0004 | B11: =VLOOKUP($A11,[1]Factures!$A:$C,2,FALSE) -> 45526 | C11: =VLOOKUP(A11,Factures!$A:$N,3,FALSE) -> 45547 | D11: P7910 | E11: Ensemble table | F11: 300 | G11: 1 | H11: =IF(F11<J11,F11,J11) * G11 -> 300 | I11: =H11*(1+TVAcopie) -> 359.7 | J11: =VLOOKUP($D11,'catalogue'!$A:$C,3,FALSE) -> 398.32 | K11: =VLOOKUP(A11,Factures!$A:$N,3,FALSE) -> 45547 | L11: {=_xlfn.XLOOKUP($A11,Factures!$A:$A,Factures!E:G,"",0)} -> GRASSET | M11: 23400 | N11: Auriat | O11: {=_xlfn.XLOOKUP($A11,Factures!$A:$A,Factures!M:N,"",0)} -> 23 | P11: Colissimo
A12: FA-2008-0004 | B12: =VLOOKUP($A12,[1]Factures!$A:$C,2,FALSE) -> 45526 | C12: =VLOOKUP(A12,Factures!$A:$N,3,FALSE) -> 45547 | D12: P3081 | E12: Vase | F12: 35 | G12: 1 | H12: =IF(F12<J12,F12,J12) * G12 -> 34.28 | I12: =H12*(1+TVAcopie) -> 41.10172 | J12: =VLOOKUP($D12,'catalogue'!$A:$C,3,FALSE) -> 34.28 | K12: =VLOOKUP(A12,Factures!$A:$N,3,FALSE) -> 45547 | L12: {=_xlfn.XLOOKUP($A12,Factures!$A:$A,Factures!E:G,"",0)} -> GRASSET | M12: 23400 | N12: Auriat | O12: {=_xlfn.XLOOKUP($A12,Factures!$A:$A,Factures!M:N,"",0)} -> 23 | P12: Colissimo
A13: FA-2008-0004 | B13: =VLOOKUP($A13,[1]Factures!$A:$C,2,FALSE) -> 45526 | C13: =VLOOKUP(A13,Factures!$A:$N,3,FALSE) -> 45547 | D13: P5875 | E13: Table basse | F13: 88 | G13: 2 | H13: =IF(F13<J13,F13,J13) * G13 -> 174.78 | I13: =H13*(1+TVAcopie) -> 209.56122 | J13: =VLOOKUP($D13,'catalogue'!$A:$C,3,FALSE) -> 87.39 | K13: =VLOOKUP(A13,Factures!$A:$N,3,FALSE) -> 45547 | L13: {=_xlfn.XLOOKUP($A13,Factures!$A:$A,Factures!E:G,"",0)} -> GRASSET | M13: 23400 | N13: Auriat | O13: {=_xlfn.XLOOKUP($A13,Factures!$A:$A,Factures!M:N,"",0)} -> 23 | P13: Colissimo
A14: FA-2008-0005 | B14: =VLOOKUP($A14,[1]Factures!$A:$C,2,FALSE) -> 45465 | C14: =VLOOKUP(A14,Factures!$A:$N,3,FALSE) -> 45485 | D14: P3026 | E14: Porte tablette | F14: 23 | G14: 10 | H14: =IF(F14<J14,F14,J14) * G14 -> 226.8 | I14: =H14*(1+TVAcopie) -> 271.9332 | J14: =VLOOKUP($D14,'catalogue'!$A:$C,3,FALSE) -> 22.68 | K14: =VLOOKUP(A14,Factures!$A:$N,3,FALSE) -> 45485 | L14: {=_xlfn.XLOOKUP($A14,Factures!$A:$A,Factures!E:G,"",0)} -> MINELLI | M14: 59700 | N14: Marq-en-Bareouil | O14: {=_xlfn.XLOOKUP($A14,Factures!$A:$A,Factures!M:N,"",0)} -> 59 | P14: Toto Transport
A15: FA-2008-0006 | B15: =VLOOKUP($A15,[1]Factures!$A:$C,2,FALSE) -> 45515 | C15: =VLOOKUP(A15,Factures!$A:$N,3,FALSE) -> 45537 | D15: P5665 | E15: Tabouret | F15: 54.5 | G15: 6 | H15: =IF(F15<J15,F15,J15) * G15 -> 326.76 | I15: =H15*(1+TVAcopie) -> 391.78524 | J15: =VLOOKUP($D15,'catalogue'!$A:$C,3,FALSE) -> 54.46 | K15: =VLOOKUP(A15,Factures!$A:$N,3,FALSE) -> 45537 | L15: {=_xlfn.XLOOKUP($A15,Factures!$A:$A,Factures!E:G,"",0)} -> GALOTTI | M15: 64410 | N15: Arget | O15: {=_xlfn.XLOOKUP($A15,Factures!$A:$A,Factures!M:N,"",0)} -> 64 | P15: Colissimo
A16: FA-2008-0007 | B16: =VLOOKUP($A16,[1]Factures!$A:$C,2,FALSE) -> 45498 | C16: =VLOOKUP(A16,Factures!$A:$N,3,FALSE) -> 45520 | D16: P3026 | E16: Porte tablette | F16: 23 | G16: 4 | H16: =IF(F16<J16,F16,J16) * G16 -> 90.72 | I16: =H16*(1+TVAcopie) -> 108.77328 | J16: =VLOOKUP($D16,'catalogue'!$A:$C,3,FALSE) -> 22.68 | K16: =VLOOKUP(A16,Factures!$A:$N,3,FALSE) -> 45520 | L16: {=_xlfn.XLOOKUP($A16,Factures!$A:$A,Factures!E:G,"",0)} -> DANO | M16: 55400 | N16: Braquis | O16: {=_xlfn.XLOOKUP($A16,Factures!$A:$A,Factures!M:N,"",0)} -> 55 | P16: Camion propre
A17: FA-2008-0007 | B17: =VLOOKUP($A17,[1]Factures!$A:$C,2,FALSE) -> 45498 | C17: =VLOOKUP(A17,Factures!$A:$N,3,FALSE) -> 45520 | D17: P5026 | E17: Chaise haute | F17: 74 | G17: 4 | H17: =IF(F17<J17,F17,J17) * G17 -> 293.16 | I17: =H17*(1+TVAcopie) -> 351.49884 | J17: =VLOOKUP($D17,'catalogue'!$A:$C,3,FALSE) -> 73.29 | K17: =VLOOKUP(A17,Factures!$A:$N,3,FALSE) -> 45520 | L17: {=_xlfn.XLOOKUP($A17,Factures!$A:$A,Factures!E:G,"",0)} -> DANO | M17: 55400 | N17: Braquis | O17: {=_xlfn.XLOOKUP($A17,Factures!$A:$A,Factures!M:N,"",0)} -> 55 | P17: Camion propre
... A26: FA-2008-0011 | B26: =VLOOKUP($A26,[1]Factures!$A:$C,2,FALSE) -> 45536 | C26: =VLOOKUP(A26,Factures!$A:$N,3,FALSE) -> 45555 | D26: P9167 | E26: Table haute / bar | F26: 370 | G26: 1 | H26: =IF(F26<J26,F26,J26) * G26 -> 370 | I26: =H26*(1+TVAcopie) -> 443.63 | J26: =VLOOKUP($D26,'catalogue'!$A:$C,3,FALSE) -> 370.57 | K26: =VLOOKUP(A26,Factures!$A:$N,3,FALSE) -> 45555 | L26: {=_xlfn.XLOOKUP($A26,Factures!$A:$A,Factures!E:G,"",0)} -> MINELLI | M26: 59700 | N26: Marq-en-Bareouil | O26: {=_xlfn.XLOOKUP($A26,Factures!$A:$A,Factures!M:N,"",0)} -> 59 | P26: Toto Transport
A27: FA-2008-0012 | B27: =VLOOKUP($A27,[1]Factures!$A:$C,2,FALSE) -> 45536 | C27: =VLOOKUP(A27,Factures!$A:$N,3,FALSE) -> 45555 | D27: P3108 | E27: Vase | F27: 35 | G27: 2 | H27: =IF(F27<J27,F27,J27) * G27 -> 70 | I27: =H27*(1+TVAcopie) -> 83.93 | J27: =VLOOKUP($D27,'catalogue'!$A:$C,3,FALSE) -> 95.51 | K27: =VLOOKUP(A27,Factures!$A:$N,3,FALSE) -> 45555 | L27: {=_xlfn.XLOOKUP($A27,Factures!$A:$A,Factures!E:G,"",0)} -> DE LAON | M27: 51100 | N27: Reims | O27: {=_xlfn.XLOOKUP($A27,Factures!$A:$A,Factures!M:N,"",0)} -> 51 | P27: Camion propre
A28: FA-2008-0013 | B28: =VLOOKUP($A28,[1]Factures!$A:$C,2,FALSE) -> 45537 | C28: =VLOOKUP(A28,Factures!$A:$N,3,FALSE) -> 45558 | D28: P5665 | E28: Tabouret | F28: 55 | G28: 4 | H28: =IF(F28<J28,F28,J28) * G28 -> 217.84 | I28: =H28*(1+TVAcopie) -> 261.19016 | J28: =VLOOKUP($D28,'catalogue'!$A:$C,3,FALSE) -> 54.46 | K28: =VLOOKUP(A28,Factures!$A:$N,3,FALSE) -> 45558 | L28: {=_xlfn.XLOOKUP($A28,Factures!$A:$A,Factures!E:G,"",0)} -> TOVALSKI | M28: 33025 | N28: Bordeaux | O28: {=_xlfn.XLOOKUP($A28,Factures!$A:$A,Factures!M:N,"",0)} -> 33 | P28: Colissimo
A29: FA-2008-0013 | B29: =VLOOKUP($A29,[1]Factures!$A:$C,2,FALSE) -> 45537 | C29: =VLOOKUP(A29,Factures!$A:$N,3,FALSE) -> 45558 | D29: P5026 | E29: Chaise haute | F29: 70 | G29: 4 | H29: =IF(F29<J29,F29,J29) * G29 -> 280 | I29: =H29*(1+TVAcopie) -> 335.72 | J29: =VLOOKUP($D29,'catalogue'!$A:$C,3,FALSE) -> 73.29 | K29: =VLOOKUP(A29,Factures!$A:$N,3,FALSE) -> 45558 | L29: {=_xlfn.XLOOKUP($A29,Factures!$A:$A,Factures!E:G,"",0)} -> TOVALSKI | M29: 33025 | N29: Bordeaux | O29: {=_xlfn.XLOOKUP($A29,Factures!$A:$A,Factures!M:N,"",0)} -> 33 | P29: Colissimo
A30: FA-2008-0013 | B30: =VLOOKUP($A30,[1]Factures!$A:$C,2,FALSE) -> 45537 | C30: =VLOOKUP(A30,Factures!$A:$N,3,FALSE) -> 45558 | D30: P9167 | E30: Table haute / bar | F30: 370 | G30: 1 | H30: =IF(F30<J30,F30,J30) * G30 -> 370 | I30: =H30*(1+TVAcopie) -> 443.63 | J30: =VLOOKUP($D30,'catalogue'!$A:$C,3,FALSE) -> 370.57 | K30: =VLOOKUP(A30,Factures!$A:$N,3,FALSE) -> 45558 | L30: {=_xlfn.XLOOKUP($A30,Factures!$A:$A,Factures!E:G,"",0)} -> TOVALSKI | M30: 33025 | N30: Bordeaux | O30: {=_xlfn.XLOOKUP($A30,Factures!$A:$A,Factures!M:N,"",0)} -> 33 | P30: Colissimo
A31: FA-2008-0012 | B31: =VLOOKUP($A31,[1]Factures!$A:$C,2,FALSE) -> 45536 | C31: =VLOOKUP(A31,Factures!$A:$N,3,FALSE) -> 45555 | D31: P3026 | E31: Porte tablette | F31: 25 | G31: 2 | H31: =IF(F31<J31,F31,J31) * G31 -> 45.36 | I31: =H31*(1+TVAcopie) -> 54.38664 | J31: =VLOOKUP($D31,'catalogue'!$A:$C,3,FALSE) -> 22.68 | K31: =VLOOKUP(A31,Factures!$A:$N,3,FALSE) -> 45555 | L31: {=_xlfn.XLOOKUP($A31,Factures!$A:$A,Factures!E:G,"",0)} -> DE LAON | M31: 51100 | N31: Reims | O31: {=_xlfn.XLOOKUP($A31,Factures!$A:$A,Factures!M:N,"",0)} -> 51 | P31: Camion propre

Sheet formule decaler
A1: pour ceux qui veulent utiliser decaler... | E1: DECALER('Ventes (copie)'!$A$1;4;0;NBVAL('Ventes (copie)'!$D:$D);NBVAL('Ventes (copie)'!$5:$5))
E2: (attention à bien utiliser le 4 pour décaler la ligne de départ à cause de la ligne avec la TVA)
A3: {=OFFSET('Ventes (copie)'!$A$1,4,0,COUNTA('Ventes (copie)'!$D:$D),COUNTA('Ventes (copie)'!$5:$5))} -> N° Facture | B3: Date | C3: Date Livraison | D3: Produit | E3: Description | F3: Prix Unit | G3: Quantité | H3: Prix HT | I3: Prix TTC | J3: Prix Prod | K3: Date Livraison | L3: Nom | M3: Code postal | N3: ville | O3: Department | P3: Transp
A4: FA-2008-0001 | B4: 45475 | C4: 45496 | D4: P9287 | E4: Table | F4: 160 | G4: 1 | H4: 160 | I4: 191.84 | J4: 163.8 | K4: 45496 | L4: NAUDEAU | M4: 89300 | N4: St Aubin sur Yonne | O4: 89 | P4: Toto Transport
A5: FA-2008-0002 | B5: 45481 | C5: 45502 | D5: P6953 | E5: Ensemble jardin | F5: 280 | G5: 1 | H5: 280 | I5: 335.72 | J5: 282.73 | K5: 45502 | L5: MARITTO | M5: 53400 | N5: St Quentin les Anges | O5: 53 | P5: Colissimo
A6: FA-2008-0002 | B6: 45481 | C6: 45502 | D6: P3026 | E6: Porte tablette | F6: 22 | G6: 3 | H6: 66 | I6: 79.134 | J6: 22.68 | K6: 45502 | L6: MARITTO | M6: 53400 | N6: St Quentin les Anges | O6: 53 | P6: Colissimo
A7: FA-2008-0003 | B7: 45464 | C7: 45485 | D7: P5875 | E7: Table | F7: 88 | G7: 2 | H7: 174.78 | I7: 209.56122 | J7: 87.39 | K7: 45485 | L7: BASCHET | M7: 92500 | N7: Rueil Malmaison | O7: 92 | P7: Toto Transport
A8: FA-2008-0004 | B8: 45526 | C8: 45547 | D8: P1176 | E8: Dessous verre | F8: 12 | G8: 2 | H8: 24 | I8: 28.776 | J8: 12.16 | K8: 45547 | L8: GRASSET | M8: 23400 | N8: Auriat | O8: 23 | P8: Colissimo
A9: FA-2008-0004 | B9: 45526 | C9: 45547 | D9: P7910 | E9: Ensemble table | F9: 300 | G9: 1 | H9: 300 | I9: 359.7 | J9: 398.32 | K9: 45547 | L9: GRASSET | M9: 23400 | N9: Auriat | O9: 23 | P9: Colissimo
A10: FA-2008-0004 | B10: 45526 | C10: 45547 | D10: P3081 | E10: Vase | F10: 35 | G10: 1 | H10: 34.28 | I10: 41.10172 | J10: 34.28 | K10: 45547 | L10: GRASSET | M10: 23400 | N10: Auriat | O10: 23 | P10: Colissimo
A11: FA-2008-0004 | B11: 45526 | C11: 45547 | D11: P5875 | E11: Table basse | F11: 88 | G11: 2 | H11: 174.78 | I11: 209.56122 | J11: 87.39 | K11: 45547 | L11: GRASSET | M11: 23400 | N11: Auriat | O11: 23 | P11: Colissimo
A12: FA-2008-0005 | B12: 45465 | C12: 45485 | D12: P3026 | E12: Porte tablette | F12: 23 | G12: 10 | H12: 226.8 | I12: 271.9332 | J12: 22.68 | K12: 45485 | L12: MINELLI | M12: 59700 | N12: Marq-en-Bareouil | O12: 59 | P12: Toto Transport
A13: FA-2008-0006 | B13: 45515 | C13: 45537 | D13: P5665 | E13: Tabouret | F13: 54.5 | G13: 6 | H13: 326.76 | I13: 391.78524 | J13: 54.46 | K13: 45537 | L13: GALOTTI | M13: 64410 | N13: Arget | O13: 64 | P13: Colissimo
A14: FA-2008-0007 | B14: 45498 | C14: 45520 | D14: P3026 | E14: Porte tablette | F14: 23 | G14: 4 | H14: 90.72 | I14: 108.77328 | J14: 22.68 | K14: 45520 | L14: DANO | M14: 55400 | N14: Braquis | O14: 55 | P14: Camion propre
A15: FA-2008-0007 | B15: 45498 | C15: 45520 | D15: P5026 | E15: Chaise haute | F15: 74 | G15: 4 | H15: 293.16 | I15: 351.49884 | J15: 73.29 | K15: 45520 | L15: DANO | M15: 55400 | N15: Braquis | O15: 55 | P15: Camion propre
... A24: FA-2008-0011 | B24: 45536 | C24: 45555 | D24: P9167 | E24: Table haute / bar | F24: 370 | G24: 1 | H24: 370 | I24: 443.63 | J24: 370.57 | K24: 45555 | L24: MINELLI | M24: 59700 | N24: Marq-en-Bareouil | O24: 59 | P24: Toto Transport
A25: FA-2008-0012 | B25: 45536 | C25: 45555 | D25: P3108 | E25: Vase | F25: 35 | G25: 2 | H25: 70 | I25: 83.93 | J25: 95.51 | K25: 45555 | L25: DE LAON | M25: 51100 | N25: Reims | O25: 51 | P25: Camion propre
A26: FA-2008-0013 | B26: 45537 | C26: 45558 | D26: P5665 | E26: Tabouret | F26: 55 | G26: 4 | H26: 217.84 | I26: 261.19016 | J26: 54.46 | K26: 45558 | L26: TOVALSKI | M26: 33025 | N26: Bordeaux | O26: 33 | P26: Colissimo
A27: FA-2008-0013 | B27: 45537 | C27: 45558 | D27: P5026 | E27: Chaise haute | F27: 70 | G27: 4 | H27: 280 | I27: 335.72 | J27: 73.29 | K27: 45558 | L27: TOVALSKI | M27: 33025 | N27: Bordeaux | O27: 33 | P27: Colissimo
A28: FA-2008-0013 | B28: 45537 | C28: 45558 | D28: P9167 | E28: Table haute / bar | F28: 370 | G28: 1 | H28: 370 | I28: 443.63 | J28: 370.57 | K28: 45558 | L28: TOVALSKI | M28: 33025 | N28: Bordeaux | O28: 33 | P28: Colissimo
A29: FA-2008-0012 | B29: 45536 | C29: 45555 | D29: P3026 | E29: Porte tablette | F29: 25 | G29: 2 | H29: 45.36 | I29: 54.38664 | J29: 22.68 | K29: 45555 | L29: DE LAON | M29: 51100 | N29: Reims | O29: 51 | P29: Camion propre
